 Dungeon Crawl Stone Soup version 0.25-a0-699-g25a338df49 (webtiles) character file.

Game seed: 6489152589095701189, levelgen mode: deterministic

92 M4edhros the Charlatan (level 4, 0/28 HPs)
             Began as an Octopode Artificer on Apr 2, 2020.
             Killed from afar by an orc wizard (6 damage)
             ... with a magic dart
             ... on level 3 of the Dungeon.
             The game lasted 00:02:23 (2787 turns).

M4edhros the Charlatan (Octopode Artificer)         Turns: 2787, Time: 00:02:24

Health: 0/28       AC:  1    Str: 11    XL:     4   Next: 60%
Magic:  7/7        EV: 13    Int: 13    God:
Gold:   132        SH:  0    Dex: 13    Spells: 2/3 levels left

rFire    . . .     SeeInvis .   e - -2 short sword (curse)
rCold    . . .     Gourm    .   (no shield)
rNeg     . . .     Faith    .   (helmet restricted)
rPois    .         Spirit   .   v - amulet of inaccuracy (curse)
rElec    .         Reflect  .   (no ring)
rCorr    .         Harm     .   (no ring)
MR       .....                  (no ring)
Stlth    ++++......             (no ring)
HPRegen  0.09/turn              (no ring)
MPRegen  0.10/turn              (no ring)
                                (no ring)
                                (no ring)

@: no status effects
A: almost no armour, stealthy swim, amphibious, 8 rings, constrict 8, camouflage
1, gelatinous body 1
a: no special abilities


You were on level 3 of the Dungeon.
You were not hungry.

You visited 1 branch of the dungeon, and saw 3 of its levels.

You collected 132 gold pieces.

Inventory:

Hand Weapons
 a - a +0 short sword
 e - a cursed -2 short sword (weapon)
 n - a +0 hunting sling
Missiles
 o - 31 stones (quivered)
 p - 18 poisoned darts
Armour
 t - a +0 buckler
Jewellery
 v - a cursed amulet of inaccuracy (around mantle)
Wands
 b - a wand of flame (15)
 c - a wand of enslavement (13)
 d - a wand of random effects (14)
Scrolls
 u - a scroll of fear
Potions
 g - a potion of brilliance
 h - a potion of lignification {unknown}
 i - a potion of stabbing {unknown}
 j - a potion of curing {unknown}
 k - 3 potions of heal wounds {unknown}
 l - a potion of invisibility {unknown}
 m - a potion of degeneration {unknown}
 q - a potion of ambrosia {unknown}
 r - a potion of magic {unknown}
 s - a potion of flight {unknown}
Comestibles
 f - 7 rations


   Skills:
 - Level 1.0 Fighting
 - Level 1.0 Short Blades
 - Level 2.0 Dodging
 + Level 4.4 Stealth
 + Level 4.6 Evocations


You had 2 spell levels left.
You knew the following spells:

 Your Spells              Type           Power        Failure   Level  Hunger
a - Animate Skeleton      Necr           N/A          30%         1    ##.....

Your spell library contained the following spells:

 Spells                   Type           Power        Failure   Level  Hunger
 Apportation              Tloc           #.....       30%         1    ##.....
 Corona                   Hex            #......      30%         1    ##.....
 Summon Small Mammal      Summ           #...         30%         1    ##.....


Dungeon Overview and Level Annotations

Branches:
Dungeon (3/15)

Altars:


Innate Abilities, Weirdness & Mutations

You cannot wear most types of armour.
You are very stealthy in the water. (Stealth+)
You are amphibious.
You can wear up to eight rings at the same time.
You can use your tentacles to constrict eight enemies at once.
Your skin changes colour to match your surroundings (Stealth+).
Your rubbery body absorbs attacks. (AC +1, EV +1)


Message History

The orc wizard is moderately wounded.
The orc wizard completely misses you.
Your orc priest begins to cast a cantrip, but forgets the words!
You hit the orc wizard. Your grab misses the orc wizard.
The orc wizard is heavily wounded.
The orc wizard hits you with a +0 dagger. x2
Your orc priest hits the orc wizard.
You closely miss the orc wizard. Your grab misses the orc wizard.
The orc wizard is severely wounded.
The orc wizard hits you with a +0 dagger.
* * * LOW HITPOINT WARNING * * *
Your orc priest barely misses the orc wizard.
You miss the orc wizard. You grab the orc wizard.
The orc wizard is severely wounded.
You constrict the orc wizard.
The orc wizard gestures wildly while chanting.
The orc wizard struggles to blink free from constriction.
The orc wizard points at you and mumbles some strange words.
The magic dart hits you.
You die...

,,,......#..##*,#
,,,....,,+...#*,*
,,,..,,,,##..#*,*
,,,.,,,,,*#..#*,*
,,,,,,,,,*##[##+########
,,,,,,,,,* #...........#
,,,,,,,,,* #...........#
,,,,,,,,,**#..........$#
,,,,,,,,,,*#...o@).....#
*****,,,,,*#....o......#
**,,,,,,...............#
,*,,,,,,.......>.......#
+*,,,,,,...............#
,+,,,,,,....############
,*,,,,,,....*
,*,,,,,,...,*
**,,,,,,,,,,*


You could see an orc wizard and a friendly orc priest.

Vanquished Creatures
  A gnoll (D:1)
  3 adders (D:2)
  2 worms (D:2)
  A dart slug (D:2)
  An orc (D:3)
  2 ball pythons
  3 bats
  3 giant cockroaches
  7 goblins
  6 hobgoblins
  5 kobolds
  A quokka (D:2)
  6 frilled lizards
  7 rats
48 creatures vanquished.

Notes
Turn   | Place    | Note
-------+----------+-------------------------------------------
     0 | D:1      | M4edhros the Octopode Artificer began the quest for the
                  | Orb.
     0 | D:1      | Reached XP level 1. HP: 13/13 MP: 3/3
   489 | D:1      | Reached XP level 2. HP: 3/18 MP: 4/4
  1512 | D:2      | Reached XP level 3. HP: 19/23 MP: 5/5
  2338 | D:2      | Reached XP level 4. HP: 28/28 MP: 7/7
  2629 | D:2      | Learned a level 1 spell: Animate Skeleton
  2787 | D:3      | Killed from afar by an orc wizard

Levels and vault maps discovered:
D:1:      lightli_arrival_noodles, layout_basic
D:2:      minmay_thinvault, layout_loops_cross
D:3:      layout_basic, cheibrodos_gnoll_hut

Skill      XL: |  1  2  3 |
---------------+----------+-----
Stealth        | 2 3 4 |  4.4
Evocations     | 4 |  4.6
Fighting       | |  1.0
Short Blades   | |  1.0
Dodging        | |  2.0

Action                   |  1- 3 |  4- 6 || total
-------------------------+-------+-------++-------
Melee: Short sword       |    75 |    46 ||   121
       Constrict         |    19 |    13 ||    32
       Tentacles         |    13 |     8 ||    21
Evoke: Wand              |       |     3 ||     3
  Use: Scroll            |     5 |     1 ||     6
 Stab: Sleeping          |     7 |     2 ||     9
  Eat: Ration            |     1 |       ||     1
       Chunk             |       |     2 ||     2
Armor: Skin              |     3 |     1 ||     4
Dodge: Dodged            |    63 |    35 ||    98

Table legend:
 A = Non-vault XP
 B = Vault XP
 C = Vault XP percentage of total XP
 D = Non-vault monster count
 E = Vault monster count
 F = Vault count percentage of total count
                 A         B        C        D         E       F
            +---------+---------+-------+---------+---------+-------
      Total |     100 |      32 |  24.2 |      37 |      11 |  22.9
            +---------+---------+-------+---------+---------+-------
        D:1 |      32 |       0 |   0.0 |      12 |       0 |   0.0
        D:2 |      54 |      32 |  37.2 |      17 |      11 |  39.3
        D:3 |      14 |       0 |   0.0 |       8 |       0 |   0.0
            +---------+---------+-------+---------+---------+-------
